 Dungeon Crawl Stone Soup version 0.31-a0-1068-g5939ac1fb6 (webtiles) character file.

Game seed: 17439477696104712560

8 Chiseanne the Shield-Bearer (level 2, 16/21 HPs)
             Began as a Demonspawn Wanderer on Nov 24, 2023.
             Quit the game on level 1 of the Dungeon.
             The game lasted 00:00:34 (181 turns).

Chiseanne the Shield-Bearer (Demonspawn Wanderer)    Turns: 181, Time: 00:00:34

Health: 16/21      AC:  3    Str: 15    XL:     2   Next: 0%
Magic:  2/2        EV: 10    Int: 12    God:
Gold:   29         SH:  4    Dex: 10    Spells: 1/1 levels left

rFire   . . .        a - +2 mace
rCold   . . .        c - +0 buckler
rNeg    . . .        e - +0 leather armour
rPois   .            (no helmet)
rElec   .            (no cloak)
rCorr   .            (no gloves)
SInv    .            (no boots)
Will    .....        (no amulet)
Stlth   +            (no ring)
HPRegen 0.23/turn    (no ring)
MPRegen 0.08/turn

%: no passive effects
@: no status effects
A: hooves 1
a: no special abilities


You were on level 1 of the Dungeon.
You visited 1 branch of the dungeon, and saw 1 of its levels.

You collected 29 gold pieces.

Inventory:

Hand Weapons
 a - a +2 mace (weapon)
 b - a +0 hand axe
Armour
 c - a +0 buckler (worn)
 e - a +0 leather armour (worn)
Scrolls
 d - a scroll of teleportation
 g - a scroll of fear {unknown}
Potions
 f - a potion of attraction {unknown}


   Skills:
 * Level 1.2 Fighting
 - Level 1.0(1.5) Axes
 - Level 1.7(1.9) Maces & Flails
 * Level 1.2 Armour
 * Level 0.5 Dodging
 * Level 3.7 Shields
 - Level 1.0 Evocations


You had one spell level left.
You didn't know any spells.
Your spell library was empty.

Dungeon Overview and Level Annotations

Branches:
Dungeon (1/15)

Altars:


Innate Abilities, Weirdness & Mutations

You have large cloven feet.


Message History

No target in view!
No target in view!
Things that are here:
a +0 dagger of speed; a goblin corpse
g - a scroll labelled MYTSUZE MEYNT
Found a mace.
A rat comes into view.
You barely miss the rat. The rat barely misses you. You block the rat's attack.
You hit the rat.
You kill the rat!
No target in view!
No target in view!
No target in view!
No target in view!
No target in view!
No target in view!
No target in view!
No target in view!
No target in view!
No target in view!
No target in view!
No target in view!
No target in view!
No target in view!
You see here a +0 mace.
You now have 29 gold pieces (gained 18).
A frilled lizard comes into view.
The frilled lizard hisses angrily.
You closely miss the frilled lizard. The frilled lizard bites you.
The frilled lizard barely misses you.
You miss the frilled lizard. The frilled lizard barely misses you.
You closely miss the frilled lizard. The frilled lizard barely misses you.
You completely miss the frilled lizard. The frilled lizard bites you.
The frilled lizard bites you but does no damage.
You sock the frilled lizard!
You kill the frilled lizard!
You have reached level 2!
Your demonic ancestry asserts itself...
Your feet thicken and deform.
Are you sure you want to abandon this character and quit the game? (Confirm with "yes".)

#.....#.# .
#.#####.# #..
#.#####.# #..
#.......# #.#
######..# #.#
#..# #.#####
####..# #.....#
#.....###.....#
#.##.....@....#
#.#######.###.##
#................
##########.##....
.# ## .# .# .# .#


There were no monsters in sight!

Vanquished Creatures
  A bat (D:1)
  An endoplasm (D:1)
  A giant cockroach (D:1)
  2 goblins (D:1)
  A frilled lizard (D:1)
  A rat (D:1)
7 creatures vanquished.

Notes
Turn   | Place    | Note
-------+----------+-------------------------------------------
     0 | D:1      | Chiseanne the Demonspawn Wanderer began the quest for the
                  | Orb.
     0 | D:1      | Chiseanne set off with the following items: a +2 mace, a +0
                  | hand axe, a +0 buckler, a scroll of teleportation, a +0
                  | leather armour.
     0 | D:1      | Reached XP level 1. HP: 15/15 MP: 1/1
   181 | D:1      | Gained mutation: You have large cloven feet. [demonic
                  | ancestry]
   181 | D:1      | Reached XP level 2. HP: 16/21 MP: 2/2
   181 | D:1      | Quit the game

Illustrated notes

Levels and vault maps discovered:
D:1:      ebering_trefoil_3fold, layout_basic

Action                     || total
---------------------------++-------
  Melee: Mace              ||    27
 Armour: Leather armour    ||    15
  Dodge: Dodged            ||    14
  Block: Buckler           ||     8

Table legend: (Time is in decaauts)
 A = Elapsed time spent in this place.
 B = Non-inter-level travel time spent in this place.
 C = Inter-level travel time spent in this place.
 D = Time resting spent in this place.
 E = Time spent auto-exploring this place.
 F = Levels seen in this place.
 G = Mean time per level.
                   A        B        C        D        E       F      G
               +--------+--------+--------+--------+--------+-----+--------+
         Total |    190 |    190 |      0 |      0 |    125 |   1 |  190.0 |
       Dungeon |    190 |    190 |      0 |      0 |    125 |   1 |  190.0 |
               +--------+--------+--------+--------+--------+-----+--------+

Top non-repeatable levels by time:
     D:1: 190 daAuts
